 Dungeon Crawl Stone Soup version 0.21.1-1-g345015fe64 (webtiles) character file.

81 Gargoyl the Skirmisher (level 4, 0/40 HPs)
             Began as a Centaur Abyssal Knight on Apr 16, 2018.
             Was a Believer of Lugonu.
             Succumbed to a kobold's poison
             ... on level 3 of the Dungeon.
             The game lasted 00:03:23 (2365 turns).

Gargoyl the Skirmisher (Centaur Abyssal Knight)     Turns: 2365, Time: 00:03:24

Health: 0/40       AC:  7    Str: 14    XL:     4   Next: 19%
Magic:  5/5        EV:  5    Int: 16    God:    Lugonu [**....]
Gold:   121        SH:  0    Dex: 10    Spells: 3/3 levels left

rFire    . . .     SeeInvis +   a - +1 hand axe
rCold    . . .     Gourm    .   (no shield)
rNeg     . . .     Faith    .   g - +0 chain mail
rPois    .         Spirit   .   (no helmet)
rElec    .         Reflect  .   (no cloak)
rCorr    .         Harm     .   (no gloves)
MR       .....                  (no barding)
Stlth    ..........             (no amulet)
HPRegen  0.13/turn              f - +1 ring of evasion
MPRegen  0.09/turn              i - ring of see invisible

@: brilliant, lethally poisoned (0 -> -7), very quick
A: large, hooves 3, deformed body, speed 2, tough skin 3
a: Depart the Abyss, Bend Space, Renounce Religion


You were on level 3 of the Dungeon.
You worshipped Lugonu.
Lugonu was pleased with you.
You were not hungry.

You visited 1 branch of the dungeon, and saw 3 of its levels.
You visited the Abyss 1 time.

You collected 121 gold pieces.

Inventory:

Hand Weapons
 a - a +1 hand axe (weapon)
Armour
 g - a +0 chain mail (worn)
Jewellery
 f - a +1 ring of evasion (left hand)
 i - a ring of see invisible (right hand)
Wands
 e - a wand of random effects (14)
Scrolls
 b - a scroll of amnesia
 d - 3 scrolls of identify
 k - a scroll of fear {unknown}
 l - 2 scrolls of remove curse {unknown}
Comestibles
 c - 6 rations
 j - 2 chunks of flesh


   Skills:
 + Level 3.7 Fighting
 + Level 2.6 Axes
 * Level 2.1 Armour
 + Level 0.6 Dodging
 * Level 2.3 Invocations


You had 3 spell levels left.
You didn't know any spells.

Dungeon Overview and Level Annotations

Branches:
Dungeon (3/15)

Altars:


Innate Abilities, Weirdness & Mutations

You have hooves in place of feet.
Armour fits poorly on your strangely shaped body.
You cover ground very quickly.
You have extremely tough skin. (AC +3)


Message History

* * * LOW HITPOINT WARNING * * *
You feel sick. The orc hits you but does no damage.
You closely miss the orc.
You kill the orc!
Lugonu accepts your kill.
* * * LOW HITPOINT WARNING * * *
You feel sick.
Unknown command.
It was a potion of brilliance.
You feel clever all of a sudden.
* * * LOW HITPOINT WARNING * * *
You feel sick.
* * * LOW HITPOINT WARNING * * *
You feel sick.
You see here a ration.
* * * LOW HITPOINT WARNING * * *
You feel sick.
Things that are here:
a club; a leather armour; an orc corpse You die...

##############
#............#
#............#
#...?........###
#..............#####
#............#.....#
#.....).).((<(#
#.....%.).@##..§§§.#
#######.#..# ..§§§..
#....# #.§§...
###..# .§§... .....
..( .# #...### ### #
#.... #.##..


There were no monsters in sight!

Vanquished Creatures
  A gnoll (D:1)
  An adder zombie (D:3)
  3 dart slugs
  A leopard gecko (D:2)
  4 orcs
  A bat (D:2)
  A giant cockroach (D:2)
  10 goblins
  4 hobgoblins
  5 jackals
  7 kobolds
  2 quokkas (D:2)
  2 ball python zombies (D:3)
  4 frilled lizards
  7 rats
53 creatures vanquished.

Vanquished Creatures (others)
  A jackal (D:2)
1 creature vanquished.

Grand Total: 54 creatures vanquished

Notes
Turn   | Place    | Note
-------+----------+-------------------------------------------
     0 | Abyss:1  | Gargoyl the Centaur Abyssal Knight began the quest for the Orb.
     0 | Abyss:1  | Reached XP level 1. HP: 19/19 MP: 2/2
     2 | Abyss:1  | Found a corrupted altar of Lugonu.
   118 | Abyss:2  | Noticed a thrashing horror
   120 | Abyss:2  | Noticed an orange demon
   124 | D:1      | Escaped the Abyss
   227 | D:1      | Reached * piety under Lugonu
   263 | D:1      | Reached XP level 2. HP: 16/26 MP: 3/3
   693 | D:1      | Reached XP level 3. HP: 14/31 MP: 4/4
  2015 | D:2      | Reached ** piety under Lugonu
  2296 | D:2      | Reached XP level 4. HP: 34/40 MP: 5/5
  2360 | D:3      | HP: 2/40 [poisoned by a kobold]
  2365 | D:3      | Succumbed to a kobold's poison

Skill      XL: |  1  2  3 |
---------------+----------+-----
Axes           | 2 |  2.6
Armour         | 2 |  2.1
Fighting       | |  3.7
Dodging        | |  0.6
Invocations    | |  2.3

Action                   |  1- 3 |  4- 6 || total
-------------------------+-------+-------++-------
Melee: Hand axe          |   115 |    14 ||   129
       Kick              |    22 |     5 ||    27
Invok: Depart the Abyss  |     1 |       ||     1
  Use: Scroll            |     4 |       ||     4
       Potion            |       |     1 ||     1
  Eat: Chunk             |     3 |       ||     3
Armor: Chain mail        |    91 |    17 ||   108
Dodge: Dodged            |    44 |     4 ||    48
